 Dungeon Crawl Stone Soup version 0.22-a0-757-gdba82d8 (webtiles) character file.

10 Amnesiac the Digger (level 2, -5/19 HPs)
             Began as a Demonspawn Earth Elementalist on July 16, 2018.
             Killed by nerve-wracking pain
             ... invoked by Menkaure
              (8 damage)
             ... on level 4 of the Dungeon.
             The game lasted 00:01:29 (465 turns).

Amnesiac the Digger (Demonspawn Earth Elementalist)  Turns: 465, Time: 00:01:30

Health: -5/19      AC:  2    Str:  8    XL:     2   Next: 10%
Magic:  1/5        EV: 12    Int: 16    God:
Gold:   49         SH:  0    Dex: 13    Spells: 2/5 levels left

rFire    . . .     SeeInvis .   e - +0 hunting sling
rCold    . . .     Gourm    .   (no shield)
rNeg     . . .     Faith    .   c - +0 robe
rPois    .         Spirit   .   (no helmet)
rElec    .         Reflect  .   (no cloak)
rCorr    .         Harm     .   (no gloves)
MR       .....                  (no boots)
Stlth    ++........             (no amulet)
HPRegen  0.06/turn              (no ring)
MPRegen  0.09/turn              (no ring)

@: very slightly contaminated
A: rot immunity
a: no special abilities


You were on level 4 of the Dungeon.
You were not hungry.

You visited 1 branch of the dungeon, and saw 4 of its levels.

You collected 49 gold pieces.

Inventory:

Hand Weapons
 e - a +0 hunting sling (weapon)
Missiles
 b - 36 stones (quivered)
Armour
 c - a +0 robe (worn)
Scrolls
 f - a scroll of fog {!r, unknown}
 h - a scroll of enchant weapon {!r, unknown}
Potions
 a - a potion of flight {!q, unknown}
Comestibles
 d - 2 rations


   Skills:
 - Level 1.7 Dodging
 + Level 2.0 Stealth
 + Level 2.1 Spellcasting
 - Level 0.8 Transmutations
 * Level 3.0 Earth Magic


You had 2 spell levels left.
You knew the following spells:

 Your Spells              Type           Power        Failure   Level  Hunger
a - Sandblast             Erth           ##....       6%          1    #......
b - Passwall              Tmut/Erth      #.......     14%         2    ###....

Your spell library contained the following spells:

 Spells                   Type           Power        Failure   Level  Hunger
 Stone Arrow              Conj/Erth      #.....       32%         3    ###....
 Lee's Rapid Deconstruct  Erth           ##........   85%         5    ######.
 Petrify                  Tmut/Erth      #.......     65%         4    #####..


Dungeon Overview and Level Annotations

Branches:
Dungeon (4/15)
 Temple: D:4-7

Altars:

Annotations:
D:4 Eustachio, Menkaure


Innate Abilities, Weirdness & Mutations

You are immune to rotting.


Message History

Firing (i - inventory)
b - 41 stones (quivered)
Press: ? - help, Shift-Dir - straight line, f/p - Menkaure
Aim: Menkaure (heavily damaged)
You shoot a stone. The stone hits Menkaure.
Menkaure is heavily damaged.
Menkaure mumbles some strange words.
Menkaure seems to speed up.
Firing (i - inventory)
b - 40 stones (quivered)
Press: ? - help, Shift-Dir - straight line, f/p - Menkaure
Aim: Menkaure (heavily damaged, fast)
You shoot a stone. The stone hits Menkaure.
Menkaure is severely damaged.
Menkaure points at you and mumbles some strange words.
Pain shoots through your body!
* * * LOW HITPOINT WARNING * * *
Casting: Sandblast (safe; 6% risk of failure)
Confirm with . or Enter, or press ? or * to list all spells.
You can't see any susceptible monsters within range! (Use Z to cast anyway.)
You start resting.
Menkaure is too close now for your liking.
Casting: Sandblast (safe; 6% risk of failure)
Confirm with . or Enter, or press ? or * to list all spells.
Aiming: Sandblast (safe; 6% risk of failure)
Press: ? - help, Shift-Dir - straight line, f/p - Menkaure
Aim: Menkaure (severely damaged, fast)
The blast of sand hits Menkaure.
Menkaure is severely damaged.
b - 38 stones Unknown command.
Casting: Sandblast (safe; 6% risk of failure)
Confirm with . or Enter, or press ? or * to list all spells.
Aiming: Sandblast (safe; 6% risk of failure)
Press: ? - help, Shift-Dir - straight line, f/p - Menkaure
Aim: Menkaure (severely damaged, fast)
You miscast Sandblast.
You are very lightly contaminated with residual magic.
Motes of dust swirl before your eyes.
Menkaure points at you and mumbles some strange words.
Pain shoots through your body!
* * * LOW HITPOINT WARNING * * *
Unknown command.
Casting: Sandblast (safe; 6% risk of failure)
Confirm with . or Enter, or press ? or * to list all spells.
Aiming: Sandblast (safe; 6% risk of failure)
Press: ? - help, Shift-Dir - straight line, f/p - Menkaure
Aim: Menkaure (severely damaged, fast)
The blast of sand hits Menkaure.
Menkaure is severely damaged.
b - 37 stones Menkaure calls on the powers of darkness!
You feel a surge of unholy energy.
Unknown command.
Unknown command.
Casting: Sandblast (safe; 6% risk of failure)
Confirm with . or Enter, or press ? or * to list all spells.
Aiming: Sandblast (safe; 6% risk of failure)
Press: ? - help, Shift-Dir - straight line, f/p - Menkaure
Aim: Menkaure (severely damaged, fast)
The blast of sand hits Menkaure.
Menkaure is severely damaged.
b - 36 stones Menkaure points at you and mumbles some strange words.
Pain shoots through your body!
You die...

######... ........# #<##
#.†# ##.# #.# ...# ## #<#
...# .. #># ...# #@####@#
...#
###.#.##M#######...###.
........#.[...............
....##.##.......M.........
.............>...((.......
......##...##.###.#...#.#.
#####. #......# #.#...#
##.####..### #.#>..#
........## #.#...#


You could see Menkaure.

Vanquished Creatures
  A leopard gecko (D:1)
  A giant cockroach (D:1)
  3 hobgoblins (D:1)
  2 kobolds (D:4)
  A rat (D:1)
8 creatures vanquished.

Notes
Turn   | Place    | Note
-------+----------+-------------------------------------------
     0 | D:1      | Amnesiac the Demonspawn Earth Elementalist began the quest for the Orb.
     0 | D:1      | Reached XP level 1. HP: 13/13 MP: 3/3
   235 | D:1      | Reached skill level 3 in Earth Magic
   235 | D:1      | Gained mutation: You are immune to rotting. [demonic ancestry]
   235 | D:1      | Reached XP level 2. HP: 11/19 MP: 5/5
   418 | D:4      | Learned a level 2 spell: Passwall
   433 | D:4      | Noticed Eustachio
   447 | D:4      | Noticed Menkaure
   465 | D:4      | Killed from afar by Menkaure

Vault maps used:
D:1:      dpeg_arrival_lava_altar
D:2:      serial_forest, infiniplex_forest_clump_long, infiniplex_forest_pool,
          infiniplex_forest_split, infiniplex_forest_corner_1,
          infiniplex_forest_straight_2, infiniplex_forest_straight_3,
          uniq_sigmund, uniq_robin
D:3:      chequers_ecumenical_altar_twisty, first_ration, uniq_jessica,
          uniq_natasha, uniq_ijyb
D:4:      uniq_menkaure, uniq_eustachio, uniq_grinder

Skill      XL: |  1 |
---------------+----+-----
Stealth        | 2 |  2.0
Earth Magic    | 3 |  3.0
Dodging        | |  1.7
Spellcasting   | |  2.1
Transmutations | |  0.8

Action                   || total
-------------------------++-------
 Fire: Hunting sling     ||    38
 Cast: Sandblast         ||     6
Armor: Robe              ||     1
Dodge: Dodged            ||     4

Table legend:
 A = Spawn XP
 B = Non-spawn XP
 C = Spawn XP percentage of total XP
 D = Spawn monster count
 E = Non-spawn monster count
 F = Spawn count percentage of total count
 G = Total turns spent on level
                    A         B        C        D         E        F      G
               +---------+---------+-------+---------+---------+-------+---------
         Total |       0 |      15 |   0.0 |       0 |       8 |   0.0 |   465
               +---------+---------+-------+---------+---------+-------+---------
           D:1 |       0 |      12 |   0.0 |       0 |       6 |   0.0 |   355
           D:4 |       0 |       3 |   0.0 |       0 |       2 |   0.0 |    86
               +---------+---------+-------+---------+---------+-------+---------
